[Event "GambitGuide"]
[Site "Internet Chess Club"]
[Date "2014.10.30"]
[Round "1"]
[White "JSBach"]
[Black "SeriousGacky"]
[Result "1-0"]
[ICCResult "Black forfeits on time"]
[WhiteElo "1663"]
[BlackElo "980"]
[Opening "Vienna: `Frankenstein-Dracula' variation"]
[ECO "C27"]
[NIC "VG.02"]
[Time "21:03:34"]
[TimeControl "120+12"]

1. e4 e5 2. Nc3 Nf6 3. Bc4 Nxe4 4. Qh5 Nd6 5. Bb3 Nc6 6. Nb5 g6 7. Qf3 f5 8.
Qd5 Qe7 9. Nxc7+ Kd8 10. Nxa8 b6 11. Ba4 e4 12. Bxc6 dxc6 13. Qxc6 Bb7 14.
Qc3 Bxa8 15. Qxh8 e3 16. Kf1 exf2 17. Kxf2 Ke8 18. d3 Ne4+ 19. dxe4 Qxe4 20.
Nf3 Kf7 21. Ng5+ {Black forfeits on time} 1-0

[Event "GambitGuide"]
[Site "Internet Chess Club"]
[Date "2014.10.30"]
[Round "1"]
[White "JSBach"]
[Black "chelsee"]
[Result "1-0"]
[ICCResult "Black checkmated"]
[WhiteElo "1663"]
[BlackElo "1706"]
[Opening "Vienna: `Frankenstein-Dracula' variation"]
[ECO "C27"]
[NIC "VG.02"]
[Time "21:06:47"]
[TimeControl "120+12"]

1. e4 e5 2. Nc3 Nf6 3. Bc4 Nxe4 4. Qh5 Nd6 5. Bb3 Nc6 6. Nb5 g6 7. Qf3 f5 8.
Qd5 Qe7 9. Nxc7+ Kd8 10. Nxa8 b6 11. Ba4 e4 12. Bxc6 Qg5 13. Qe5 Qxg2 14.
Qxh8 Qxh1 15. Qxf8+ Ne8 16. Kf1 dxc6 17. Qf7 Bd7 18. Qxh7 e3 19. dxe3 f4 20.
Qh4+ Kc8 21. exf4 Kb7 22. Qe7 Kc8 23. Qa3 Bh3+ 24. Qxh3+ Kb7 25. Qd7+ Kxa8
26. Qc8# {Black checkmated} 1-0

[Event "GambitGuide"]
[Site "Internet Chess Club"]
[Date "2014.10.30"]
[Round "1"]
[White "JSBach"]
[Black "bobbyjones"]
[Result "1-0"]
[ICCResult "Black resigns"]
[WhiteElo "1663"]
[BlackElo "1038"]
[Opening "Vienna: `Frankenstein-Dracula' variation"]
[ECO "C27"]
[NIC "VG.02"]
[Time "21:05:19"]
[TimeControl "120+12"]

1. e4 e5 2. Nc3 Nf6 3. Bc4 Nxe4 4. Qh5 Nd6 5. Bb3 Nc6 6. Nb5 g6 7. Qf3 f5 8.
Qd5 Qe7 9. Nxc7+ Kd8 10. Nxa8 b6 11. Ba4 Nb4 12. Qb3 a5 13. Nxb6 Ke8 14. Qc3
Ne4 15. Qxc8+ Kf7 16. Qxd7 Qxd7 17. Nxd7 Ke6 18. d3 Nd6 19. Nxf8+ Rxf8 20.
f3 Rc8 21. Kd2 e4 22. Bb3+ Ke7 23. a3 Nc6 24. fxe4 fxe4 25. Bd5 e3+ 26. Kxe3
Ne5 27. Kf4 Kf6 28. d4 Nd7 29. c3 Ne8 30. Bd2 Nb6 31. Bb7 Rc7 32. Be4 Nd6
33. Rf1 g5+ 34. Kg3+ Kg7 35. Bd3 Nd5 36. Bxg5 h6 37. Bd8 Rb7 38. c4 Ne3 39.
Rf4 Nd1 40. Bxa5 Nxb2 41. c5 Nxd3 42. Rg4+ Kf6 43. cxd6 Rb3 44. Rh4 Nc1+ 45.
Nf3 Ne2+ 46. Kf2 Rb2 47. Nd2 Kg5 48. d7 {Black resigns} 1-0

[Event "GambitGuide"]
[Site "Internet Chess Club"]
[Date "2014.10.30"]
[Round "1"]
[White "JSBach"]
[Black "chelsee"]
[Result "1-0"]
[ICCResult "Black resigns"]
[WhiteElo "1663"]
[BlackElo "1706"]
[Opening "Vienna: `Frankenstein-Dracula' variation"]
[ECO "C27"]
[NIC "VG.02"]
[Time "21:07:58"]
[TimeControl "120+12"]

1. e4 e5 2. Nc3 Nf6 3. Bc4 Nxe4 4. Qh5 Nd6 5. Bb3 Nc6 6. Nb5 g6 7. Qf3 f5 8.
Qd5 Qe7 9. Nxc7+ Kd8 10. Nxa8 b6 11. Ba4 Nd4 12. f4 exf4+ 13. Kd1 Qh4 14.
Qxd4 Rg8 15. Nf3 Qg4 16. Re1 Qxg2 17. Qf6+ {Black resigns} 1-0

[Event "GambitGuide"]
[Site "Internet Chess Club"]
[Date "2014.10.30"]
[Round "1"]
[White "JSBach"]
[Black "TravisMcGee"]
[Result "0-1"]
[ICCResult "White checkmated"]
[WhiteElo "1663"]
[BlackElo "1533"]
[Opening "Vienna: `Frankenstein-Dracula' variation"]
[ECO "C27"]
[NIC "VG.02"]
[Time "21:07:27"]
[TimeControl "120+12"]

1. e4 e5 2. Nc3 Nf6 3. Bc4 Nxe4 4. Qh5 Nd6 5. Bb3 Nc6 6. Nb5 g6 7. Qf3 f5 8.
Qd5 Qe7 9. Nxc7+ Kd8 10. Nxa8 b6 11. Ba4 Bb7 12. Nxb6 axb6 13. Qb3 b5 14.
Nf3 Nd4 15. Nxd4 exd4+ 16. Kf1 bxa4 17. Qxa4 Bxg2+ 18. Kxg2 Qe4+ 19. f3 Qe2+
20. Kg3 f4+ 21. Kxf4 Bh6+ 22. Kg3 Nf5+ 23. Kg4 Qg2# {White checkmated} 0-1

[Event "GambitGuide"]
[Site "Internet Chess Club"]
[Date "2014.10.30"]
[Round "1"]
[White "JSBach"]
[Black "bobbyjones"]
[Result "1-0"]
[ICCResult "Black resigns"]
[WhiteElo "1663"]
[BlackElo "1038"]
[Opening "Vienna: `Frankenstein-Dracula' variation"]
[ECO "C27"]
[NIC "VG.02"]
[Time "21:09:38"]
[TimeControl "120+12"]

1. e4 e5 2. Nc3 Nf6 3. Bc4 Nxe4 4. Qh5 Nd6 5. Bb3 Nc6 6. Nb5 g6 7. Qf3 f5 8.
Qd5 Qe7 9. Nxc7+ Kd8 10. Nxa8 b6 11. Ba4 Bb7 12. Nxb6 axb6 13. Qb3 Kc7 14.
Ne2 Qg5 15. O-O Ne4 16. d4 Nxd4 17. Qc4+ Nc5 18. Bxg5 {Black resigns} 1-0

[Event "GambitGuide"]
[Site "Internet Chess Club"]
[Date "2014.10.30"]
[Round "1"]
[White "JSBach"]
[Black "chelsee"]
[Result "1-0"]
[ICCResult "Black resigns"]
[WhiteElo "1663"]
[BlackElo "1706"]
[Opening "Vienna: `Frankenstein-Dracula' variation"]
[ECO "C27"]
[NIC "VG.02"]
[Time "21:08:29"]
[TimeControl "120+12"]

1. e4 e5 2. Nc3 Nf6 3. Bc4 Nxe4 4. Qh5 Nd6 5. Bb3 Nc6 6. Nb5 g6 7. Qf3 f5 8.
Qd5 Qe7 9. Nxc7+ Kd8 10. Nxa8 b6 11. Ba4 Nd4 12. f4 exf4+ 13. Kd1 Bg7 14. g4
Qh4 15. Qxd6 Re8 16. Qc7+ Ke7 17. Qxf4 Kf7 18. Qg3 Qe7 19. Nc7 Rd8 20. gxf5
Nxf5 21. Qf3 Be5 22. Qd5+ Kg7 23. Nb5 d6 24. Nf3 Bb7 25. Qd3 Bxf3+ 26. Qxf3
Re8 27. Rf1 a6 28. Nc7 Rc8 29. Nd5 Qe6 30. Nxb6 Rb8 31. Bd7 Qe7 32. Bxf5
gxf5 33. Rg1+ Kf6 34. Nd5+ Ke6 35. Nxe7 Kxe7 36. Qxf5 {Black resigns} 1-0

[Event "GambitGuide"]
[Site "Internet Chess Club"]
[Date "2014.10.30"]
[Round "1"]
[White "JSBach"]
[Black "Nickovic"]
[Result "1-0"]
[ICCResult "Black resigns"]
[WhiteElo "1663"]
[BlackElo "1400"]
[Opening "Vienna: `Frankenstein-Dracula' variation"]
[ECO "C27"]
[NIC "VG.02"]
[Time "21:10:02"]
[TimeControl "120+12"]

1. e4 e5 2. Nc3 Nf6 3. Bc4 Nxe4 4. Qh5 Nd6 5. Bb3 Nc6 6. Nb5 g6 7. Qf3 f5 8.
Qd5 Qe7 9. Nxc7+ Kd8 10. Nxa8 b6 11. Ba4 Bb7 12. Nxb6 axb6 13. Qb3 Kc7 14.
Ne2 Bh6 15. d3 Bxc1 16. Rxc1 Ra8 17. O-O Na5 18. Qa3 b5 19. Bxb5 Nxb5 20.
Qxe7 {Black resigns} 1-0

[Event "GambitGuide"]
[Site "Internet Chess Club"]
[Date "2014.10.30"]
[Round "1"]
[White "JSBach"]
[Black "SCARLETTE"]
[Result "1-0"]
[ICCResult "Black resigns"]
[WhiteElo "1663"]
[BlackElo "2877"]
[Opening "Vienna: `Frankenstein-Dracula' variation"]
[ECO "C27"]
[NIC "VG.02"]
[Time "21:10:28"]
[TimeControl "120+12"]

1. e4 e5 2. Nc3 Nf6 3. Bc4 Nxe4 4. Qh5 Nd6 5. Bb3 Nc6 6. Nb5 g6 7. Qf3 f5 8.
Qd5 Qe7 9. Nxc7+ Kd8 10. Nxa8 b6 11. Ba4 Bb7 12. Nxb6 axb6 13. Qb3 Kc7 14.
Ne2 Ne4 15. Qd3 Nc5 16. Qa3 Qg5 17. O-O Ne4 18. Qe3 Qf6 19. Bb5 Bc5 20. Qb3
Na5 21. Qa4 d5 22. b4 {Black resigns} 1-0

[Event "GambitGuide"]
[Site "Internet Chess Club"]
[Date "2014.10.30"]
[Round "1"]
[White "JSBach"]
[Black "chelsee"]
[Result "1-0"]
[ICCResult "Black checkmated"]
[WhiteElo "1663"]
[BlackElo "1706"]
[Opening "Vienna: `Frankenstein-Dracula' variation"]
[ECO "C27"]
[NIC "VG.02"]
[Time "21:10:33"]
[TimeControl "120+12"]

1. e4 e5 2. Nc3 Nf6 3. Bc4 Nxe4 4. Qh5 Nd6 5. Bb3 Nc6 6. Nb5 g6 7. Qf3 f5 8.
Qd5 Qe7 9. Nxc7+ Kd8 10. Nxa8 b6 11. Ba4 Nd4 12. f4 exf4+ 13. Kd1 Bg7 14. g4
f3 15. Bb5 N4xb5 16. Qxf3 Nd4 17. Qc3 Re8 18. Qc7# {Black checkmated} 1-0

[Event "GambitGuide"]
[Site "Internet Chess Club"]
[Date "2014.10.30"]
[Round "1"]
[White "JSBach"]
[Black "SockenPuppen"]
[Result "0-1"]
[ICCResult "White checkmated"]
[WhiteElo "1663"]
[BlackElo "1536"]
[Opening "Vienna: `Frankenstein-Dracula' variation"]
[ECO "C27"]
[NIC "VG.02"]
[Time "21:04:22"]
[TimeControl "120+12"]

1. e4 e5 2. Nc3 Nf6 3. Bc4 Nxe4 4. Qh5 Nd6 5. Bb3 Nc6 6. Nb5 g6 7. Qf3 f5 8.
Qd5 Qe7 9. Nxc7+ Kd8 10. Nxa8 b6 11. Ba4 Bb7 12. Nxb6 axb6 13. Qb3 Kc7 14.
Ne2 Bh6 15. d3 Bxc1 16. Rxc1 e4 17. d4 Qg5 18. Rg1 Re8 19. d5 Ne5 20. a3 f4
21. Qc3+ Kb8 22. Qd4 Nc8 23. Qxe4 f3 24. h4 Qh6 25. Ra1 fxe2 26. Bxd7 Re7
27. Bxc8 Kxc8 28. Qd4 Nd7 29. c4 Nc5 30. Qg4+ Kb8 31. Qg3+ Ka7 32. Rb1 Ne4
33. Qe3 Qg7 34. Rh1 Nc5 35. Qd2 Qf6 36. Rc1 Nb3 37. Qc3 Nd4 38. Qd3 Qf4 39.
Qc3 Qg4 40. c5 Qxg2 41. cxb6+ Kb8 42. Qg3+ Qxg3 43. fxg3 Bxd5 44. Kf2 Bxh1
45. Rxh1 Nc2 46. a4 e1=Q+ 47. Rxe1 Nxe1 48. Kg1 Nd3 49. b3 Nc5 50. a5 Nxb3
51. a6 Nc5 52. a7+ Kb7 53. h5 gxh5 54. g4 hxg4 55. Kh1 Na4 56. Kh2 Nxb6 57.
Kg2 Kxa7 58. Kh2 Re3 59. Kg1 Re2 60. Kf1 Ra2 61. Ke1 h5 62. Kf1 h4 63. Kg1
h3 64. Kh1 g3 65. Kg1 Ra1# {White checkmated} 0-1

[Event "GambitGuide"]
[Site "Internet Chess Club"]
[Date "2014.10.30"]
[Round "1"]
[White "JSBach"]
[Black "chelsee"]
[Result "1-0"]
[ICCResult "Black checkmated"]
[WhiteElo "1659"]
[BlackElo "1706"]
[Opening "Vienna: `Frankenstein-Dracula' variation"]
[ECO "C27"]
[NIC "VG.02"]
[Time "21:11:15"]
[TimeControl "120+12"]

1. e4 e5 2. Nc3 Nf6 3. Bc4 Nxe4 4. Qh5 Nd6 5. Bb3 Nc6 6. Nb5 g6 7. Qf3 f5 8.
Qd5 Qe7 9. Nxc7+ Kd8 10. Nxa8 b6 11. Ba4 Nd4 12. f4 exf4+ 13. Kd1 Bg7 14. g4
f3 15. Bb5 N6xb5 16. Qc4 Bb7 17. Qf1 Bxa8 18. a4 Ne2 19. axb5 Nxg1 20. Rxg1
Bd4 21. Rxa7 Re8 22. Rxa8+ Kc7 23. Qc4+ Kb7 24. Qd5+ Kc7 25. Ra7+ Kd8 26.
Qa8# {Black checkmated} 1-0

[Event "GambitGuide"]
[Site "Internet Chess Club"]
[Date "2014.10.30"]
[Round "1"]
[White "JSBach"]
[Black "bobbyjones"]
[Result "1-0"]
[ICCResult "Black resigns"]
[WhiteElo "1659"]
[BlackElo "1038"]
[Opening "Vienna: `Frankenstein-Dracula' variation"]
[ECO "C27"]
[NIC "VG.02"]
[Time "21:10:47"]
[TimeControl "120+12"]

1. e4 e5 2. Nc3 Nf6 3. Bc4 Nxe4 4. Qh5 Nd6 5. Bb3 Nc6 6. Nb5 g6 7. Qf3 f5 8.
Qd5 Qe7 9. Nxc7+ Kd8 10. Nxa8 b6 11. Ba4 Bg7 12. Bxc6 dxc6 13. Qb3 Be6 14.
Qa4 Qb7 15. Qh4+ Kd7 16. Nxb6+ Qxb6 17. d3 f4 18. Nf3 Nf5 19. Qg5 Bh6 20.
Nxe5+ Kd6 21. Nf7+ Bxf7 22. Qf6+ Be6 23. Qxh8 Bd5 24. Qxh7 Ke5 25. Qxg6 Bxg2
26. Qxg2 Nh4 27. Qe4+ Kf6 28. Rg1 {Black resigns} 1-0

[Event "GambitGuide"]
[Site "Internet Chess Club"]
[Date "2014.10.30"]
[Round "1"]
[White "JSBach"]
[Black "Beletko123"]
[Result "0-1"]
[ICCResult "White checkmated"]
[WhiteElo "1659"]
[BlackElo "2158"]
[Opening "Vienna: `Frankenstein-Dracula' variation"]
[ECO "C27"]
[NIC "VG.02"]
[Time "21:08:39"]
[TimeControl "120+12"]

1. e4 e5 2. Nc3 Nf6 3. Bc4 Nxe4 4. Qh5 Nd6 5. Bb3 Nc6 6. Nb5 g6 7. Qf3 f5 8.
Qd5 Qe7 9. Nxc7+ Kd8 10. Nxa8 b6 11. Ba4 Bb7 12. Nxb6 axb6 13. Qb3 Kc7 14.
Ne2 Bg7 15. O-O Ra8 16. Re1 Ne4 17. Qc4 d5 18. Qb5 Ra5 19. Qb3 Nc5 20. Qxd5
Rxa4 21. Qg8 Ra8 22. Qxh7 Qf6 23. f4 Rh8 24. Nc3 Rxh7 25. Nd5+ Kd6 26. Nxf6
Bxf6 27. fxe5+ Bxe5 28. h3 Nd4 29. b4 Nce6 30. Bb2 Nf3+ 31. gxf3 Bxb2 32.
Rab1 Bd4+ 33. Kg2 Nf4+ 34. Kg3 g5 35. Rh1 Nh5+ 36. Kg2 g4 37. hxg4 fxg4 38.
Rhe1 Bxf3+ 39. Kh2 Bf2 40. Re6+ Kxe6 41. Re1+ Kd6 42. Re6+ Kxe6 43. d3 Nf4#
{White checkmated}
0-1

[Event "GambitGuide"]
[Site "Internet Chess Club"]
[Date "2014.10.30"]
[Round "1"]
[White "JSBach"]
[Black "bobbyjones"]
[Result "1-0"]
[ICCResult "Black resigns"]
[WhiteElo "1659"]
[BlackElo "1038"]
[Opening "Vienna: `Frankenstein-Dracula' variation"]
[ECO "C27"]
[NIC "VG.02"]
[Time "21:12:35"]
[TimeControl "120+12"]

1. e4 e5 2. Nc3 Nf6 3. Bc4 Nxe4 4. Qh5 Nd6 5. Bb3 Nc6 6. Nb5 g6 7. Qf3 f5 8.
Qd5 Qe7 9. Nxc7+ Kd8 10. Nxa8 b6 11. Ba4 Bb7 12. Nxb6 Nb4 13. Qa5 Nc6 14.
Bxc6 dxc6 15. Nd5+ {Black resigns} 1-0

[Event "GambitGuide"]
[Site "Internet Chess Club"]
[Date "2014.10.30"]
[Round "1"]
[White "JSBach"]
[Black "chelsee"]
[Result "1-0"]
[ICCResult "Black resigns"]
[WhiteElo "1659"]
[BlackElo "1706"]
[Opening "Vienna: `Frankenstein-Dracula' variation"]
[ECO "C27"]
[NIC "VG.02"]
[Time "21:12:21"]
[TimeControl "120+12"]

1. e4 e5 2. Nc3 Nf6 3. Bc4 Nxe4 4. Qh5 Nd6 5. Bb3 Nc6 6. Nb5 g6 7. Qf3 f5 8.
Qd5 Qe7 9. Nxc7+ Kd8 10. Nxa8 b6 11. Ba4 Nd4 12. f4 exf4+ 13. Kd1 Bb7 14.
Qxd4 Bxa8 15. Nf3 Bxf3+ 16. gxf3 Bh6 17. Qxh8+ Kc7 18. Qa8 Qh4 19. Qxa7+ Nb7
20. Bxd7 g5 21. Bxf5 g4 22. Be4 gxf3 23. Qxb7+ Kd8 24. Qxb6+ Kd7 25. d4 f2
26. Bf5+ Ke7 27. Qc7+ Kf6 28. Qd8+ Kg7 29. Qxh4 {Black resigns} 1-0

[Event "GambitGuide"]
[Site "Internet Chess Club"]
[Date "2014.10.30"]
[Round "1"]
[White "JSBach"]
[Black "chelsee"]
[Result "0-1"]
[ICCResult "White checkmated"]
[WhiteElo "1659"]
[BlackElo "1706"]
[Opening "Vienna: `Frankenstein-Dracula' variation"]
[ECO "C27"]
[NIC "VG.02"]
[Time "21:13:19"]
[TimeControl "120+12"]

1. e4 e5 2. Nc3 Nf6 3. Bc4 Nxe4 4. Qh5 Nd6 5. Bb3 Nc6 6. Nb5 g6 7. Qf3 f5 8.
Qd5 Qe7 9. Nxc7+ Kd8 10. Nxa8 b6 11. Ba4 Nd4 12. f4 exf4+ 13. Kd1 Bg7 14. g4
fxg3 15. Nxb6 Bb7 16. hxg3 Bxd5 17. Nxd5 Qe4 18. Rh4 Qxd5 19. d3 Bf6 20. Rh2
Nf3 21. Bb3 Qc6 22. Ba4 Qb7 23. Nxf3 Qxf3+ 24. Re2 Re8 25. Be3 Rxe3 26. c3
Qxe2+ 27. Kc1 Qxd3 28. Bd1 Re1 29. b4 Qxd1+ 30. Kb2 Qxa1+ 31. Ka3 Nb5+ 32.
Kb3 Qxc3+ 33. Ka4 a6 34. Ka5 Qa3+ 35. Kb6 Re6+ 36. Kc5 Qc3+ 37. Kd5 Qd4#
{White checkmated}
0-1

[Event "GambitGuide"]
[Site "Internet Chess Club"]
[Date "2014.10.30"]
[Round "1"]
[White "JSBach"]
[Black "Wannabet"]
[Result "1-0"]
[ICCResult "Black resigns"]
[WhiteElo "1659"]
[BlackElo "1436"]
[Opening "Vienna: `Frankenstein-Dracula' variation"]
[ECO "C27"]
[NIC "VG.02"]
[Time "21:11:29"]
[TimeControl "120+12"]

1. e4 e5 2. Nc3 Nf6 3. Bc4 Nxe4 4. Qh5 Nd6 5. Bb3 Nc6 6. Nb5 g6 7. Qf3 f5 8.
Qd5 Qe7 9. Nxc7+ Kd8 10. Nxa8 b6 11. Ba4 Bb7 12. Nxb6 axb6 13. Qb3 Nd4 14.
Qxb6+ Ke8 15. Kf1 Bc6 16. Bxc6 Nxc2 17. Rb1 Nd4 18. Bd5 Qh4 19. Qb8+ Ke7 20.
g3 Qh5 21. Kg2 Bg7 22. Qb6 f4 23. Nf3 fxg3 24. Nxd4 exd4 25. Re1+
{Black resigns}
1-0

[Event "GambitGuide"]
[Site "Internet Chess Club"]
[Date "2014.10.30"]
[Round "1"]
[White "JSBach"]
[Black "bobbyjones"]
[Result "1-0"]
[ICCResult "Black resigns"]
[WhiteElo "1659"]
[BlackElo "1038"]
[Opening "Vienna: `Frankenstein-Dracula' variation"]
[ECO "C27"]
[NIC "VG.02"]
[Time "21:13:30"]
[TimeControl "120+12"]

1. e4 e5 2. Nc3 Nf6 3. Bc4 Nxe4 4. Qh5 Nd6 5. Bb3 Nc6 6. Nb5 g6 7. Qf3 f5 8.
Qd5 Qe7 9. Nxc7+ Kd8 10. Nxa8 b6 11. Ba4 Qe6 12. Qxe6 dxe6 13. Bxc6 Bb7 14.
Bxb7 Nxb7 15. a4 Kc8 16. f4 Kb8 17. Nxb6 axb6 18. fxe5 Nc5 19. a5 b5 20. d4
Ne4 21. Nf3 Bb4+ 22. Bd2 Nxd2 23. Nxd2 Rc8 24. c3 Be7 25. Ke2 Bg5 26. Kd3 h5
27. Nf3 Be7 28. Rhf1 g5 29. Rf2 g4 30. Nd2 h4 31. Nb3 g3 32. hxg3 hxg3 33.
Rf3 Bg5 34. Nc5 f4 35. Nxe6 Bh6 36. Rh1 Rh8 37. Rxf4 b4 38. Rfh4 Rc8 39.
Rxh6 bxc3 40. bxc3 Ka8 41. Rh7 Rb8 42. Rg7 Rb2 43. Rh8+ {Black resigns} 1-0

[Event "GambitGuide"]
[Site "Internet Chess Club"]
[Date "2014.10.30"]
[Round "1"]
[White "JSBach"]
[Black "NimzoCapa"]
[Result "1-0"]
[ICCResult "Black resigns"]
[WhiteElo "1659"]
[BlackElo "1715"]
[Opening "Vienna: `Frankenstein-Dracula' variation"]
[ECO "C27"]
[NIC "VG.02"]
[Time "21:14:04"]
[TimeControl "120+12"]

1. e4 e5 2. Nc3 Nf6 3. Bc4 Nxe4 4. Qh5 Nd6 5. Bb3 Nc6 6. Nb5 g6 7. Qf3 f5 8.
Qd5 Qe7 9. Nxc7+ Kd8 10. Nxa8 b6 11. Ba4 Bb7 12. Nxb6 axb6 13. Qb3 Nd4 14.
Qxb6+ Kc8 15. Kf1 Nc4 16. Qa7 Bh6 17. c3 Nc6 18. Bxc6 Bxc6 19. Qa6+
{Black resigns}
1-0

[Event "GambitGuide"]
[Site "Internet Chess Club"]
[Date "2014.10.30"]
[Round "1"]
[White "JSBach"]
[Black "Wannabet"]
[Result "1-0"]
[ICCResult "Black resigns"]
[WhiteElo "1659"]
[BlackElo "1436"]
[Opening "Vienna: `Frankenstein-Dracula' variation"]
[ECO "C27"]
[NIC "VG.02"]
[Time "21:15:41"]
[TimeControl "120+12"]

1. e4 e5 2. Nc3 Nf6 3. Bc4 Nxe4 4. Qh5 Nd6 5. Bb3 Nc6 6. Nb5 g6 7. Qf3 f5 8.
Qd5 Qe7 9. Nxc7+ Kd8 10. Nxa8 b6 11. Ba4 b5 12. Bxb5 Bb7 13. Bxc6 Bxc6 14.
Qa5+ {Black resigns} 1-0

[Event "GambitGuide"]
[Site "Internet Chess Club"]
[Date "2014.10.30"]
[Round "1"]
[White "JSBach"]
[Black "bobbyjones"]
[Result "1-0"]
[ICCResult "Black resigns"]
[WhiteElo "1659"]
[BlackElo "1038"]
[Opening "Vienna: `Frankenstein-Dracula' variation"]
[ECO "C27"]
[NIC "VG.02"]
[Time "21:15:53"]
[TimeControl "120+12"]

1. e4 e5 2. Nc3 Nf6 3. Bc4 Nxe4 4. Qh5 Nd6 5. Bb3 Nc6 6. Nb5 g6 7. Qf3 f5 8.
Qd5 Qe7 9. Nxc7+ Kd8 10. Nxa8 b6 11. Ba4 b5 12. Bxb5 Nxb5 13. Qxb5 a6 14.
Qb6+ Ke8 15. Nc7+ Kf7 16. Nxa6 Qg5 17. g3 f4 18. Nc7 fxg3 19. Qb3+ Kg7 20.
Ne8+ Kh6 21. hxg3+ {Black resigns} 1-0

[Event "GambitGuide"]
[Site "Internet Chess Club"]
[Date "2014.10.30"]
[Round "1"]
[White "JSBach"]
[Black "MJYSONG"]
[Result "1-0"]
[ICCResult "Black resigns"]
[WhiteElo "1659"]
[BlackElo "2392"]
[Opening "Vienna: `Frankenstein-Dracula' variation"]
[ECO "C27"]
[NIC "VG.02"]
[Time "21:16:23"]
[TimeControl "120+12"]

1. e4 e5 2. Nc3 Nf6 3. Bc4 Nxe4 4. Qh5 Nd6 5. Bb3 Nc6 6. Nb5 g6 7. Qf3 f5 8.
Qd5 Qe7 9. Nxc7+ Kd8 10. Nxa8 b6 11. Ba4 Bb7 12. Nxb6 axb6 13. Qb3 Kc7 14.
Ne2 Bg7 15. Nc3 Nd4 16. Nd5+ Bxd5 17. Qxd5 Ne4 18. d3 Nc5 19. Qc4 d5 20. Qc3
e4 21. dxe4 Nb3 22. Qg3+ Be5 23. Bf4 Nxa1 24. Bxe5+ Kb7 25. Bxh8 Qxe4+ 26.
Kd2 {Black resigns} 1-0

[Event "GambitGuide"]
[Site "Internet Chess Club"]
[Date "2014.10.30"]
[Round "1"]
[White "JSBach"]
[Black "DraggonZ"]
[Result "0-1"]
[ICCResult "White checkmated"]
[WhiteElo "1659"]
[BlackElo "2041"]
[Opening "Vienna: `Frankenstein-Dracula' variation"]
[ECO "C27"]
[NIC "VG.02"]
[Time "21:14:45"]
[TimeControl "120+12"]

1. e4 e5 2. Nc3 Nf6 3. Bc4 Nxe4 4. Qh5 Nd6 5. Bb3 Nc6 6. Nb5 g6 7. Qf3 f5 8.
Qd5 Qe7 9. Nxc7+ Kd8 10. Nxa8 b6 11. Ba4 Bb7 12. Nxb6 axb6 13. Qb3 Kc7 14.
Ne2 Bg7 15. Nc3 Nd4 16. Nd5+ Bxd5 17. Qxd5 e4 18. Bb3 f4 19. c3 Nc6 20. O-O
Ne5 21. Bc2 Ng4 22. Re1 Qh4 23. Rd1 Qxf2+ 24. Kh1 Qh4 25. h3 Nf2+ 26. Kg1
Nxd1 27. Rb1 Qe1+ 28. Kh2 Qg3+ 29. Kg1 Nf2 30. Kf1 Nd3 31. Bxd3 exd3 32. Kg1
Re8 33. Qf3 Re1+ 34. Qf1 Rxf1+ 35. Kxf1 Ne4 36. Kg1 f3 37. h4 Qxg2#
{White checkmated}
0-1

[Event "GambitGuide"]
[Site "Internet Chess Club"]
[Date "2014.10.30"]
[Round "1"]
[White "JSBach"]
[Black "bobbyjones"]
[Result "1-0"]
[ICCResult "Black resigns"]
[WhiteElo "1647"]
[BlackElo "1038"]
[Opening "Vienna: `Frankenstein-Dracula' variation"]
[ECO "C27"]
[NIC "VG.02"]
[Time "21:17:29"]
[TimeControl "120+12"]

1. e4 e5 2. Nc3 Nf6 3. Bc4 Nxe4 4. Qh5 Nd6 5. Bb3 Nc6 6. Nb5 g6 7. Qf3 f5 8.
Qd5 Qe7 9. Nxc7+ Kd8 10. Nxa8 b6 11. Ba4 Qf7 12. Bxc6 dxc6 13. Qxe5 Be6 14.
Qxh8 Ne8 15. Nf3 Nf6 16. Ne5 Kc8 17. Nxf7 {Black resigns} 1-0

[Event "GambitGuide"]
[Site "Internet Chess Club"]
[Date "2014.10.30"]
[Round "1"]
[White "JSBach"]
[Black "bobbyjones"]
[Result "1-0"]
[ICCResult "Black checkmated"]
[WhiteElo "1647"]
[BlackElo "1038"]
[Opening "Vienna: `Frankenstein-Dracula' variation"]
[ECO "C27"]
[NIC "VG.02"]
[Time "21:18:28"]
[TimeControl "120+12"]

1. e4 e5 2. Nc3 Nf6 3. Bc4 Nxe4 4. Qh5 Nd6 5. Bb3 Nc6 6. Nb5 g6 7. Qf3 f5 8.
Qd5 Qe7 9. Nxc7+ Kd8 10. Nxa8 b6 11. Ba4 Nd4 12. f4 Qh4+ 13. g3 Qg4 14. Qxe5
Nf3+ 15. Nxf3 Qxf3 16. Qf6+ Ke8 17. Nc7# {Black checkmated} 1-0

[Event "GambitGuide"]
[Site "Internet Chess Club"]
[Date "2014.10.30"]
[Round "1"]
[White "JSBach"]
[Black "Wannabet"]
[Result "1-0"]
[ICCResult "Black resigns"]
[WhiteElo "1647"]
[BlackElo "1436"]
[Opening "Vienna: `Frankenstein-Dracula' variation"]
[ECO "C27"]
[NIC "VG.02"]
[Time "21:16:34"]
[TimeControl "120+12"]

1. e4 e5 2. Nc3 Nf6 3. Bc4 Nxe4 4. Qh5 Nd6 5. Bb3 Nc6 6. Nb5 g6 7. Qf3 f5 8.
Qd5 Qe7 9. Nxc7+ Kd8 10. Nxa8 b6 11. Ba4 Bb7 12. Nxb6 axb6 13. Qb3 Kc7 14.
Ne2 Na5 15. Qh3 h5 16. Qg3 Bh6 17. Qxg6 f4 18. d3 b5 19. Bb3 f3 20. Bxh6
fxe2 21. Be3 e4 22. Kxe2 exd3+ 23. Qxd3 Bxg2 24. Qc3+ Nc6 25. Qxh8 Nd4+ 26.
Qxd4 Bxh1 27. Rxh1 Nf5 28. Qd5 Nxe3 29. fxe3 {Black resigns} 1-0

[Event "GambitGuide"]
[Site "Internet Chess Club"]
[Date "2014.10.30"]
[Round "1"]
[White "JSBach"]
[Black "chigato"]
[Result "1-0"]
[ICCResult "Black resigns"]
[WhiteElo "1647"]
[BlackElo "1678"]
[Opening "Vienna: `Frankenstein-Dracula' variation"]
[ECO "C27"]
[NIC "VG.02"]
[Time "21:18:52"]
[TimeControl "120+12"]

1. e4 e5 2. Nc3 Nf6 3. Bc4 Nxe4 4. Qh5 Nd6 5. Bb3 Nc6 6. Nb5 g6 7. Qf3 f5 8.
Qd5 Qe7 9. Nxc7+ Kd8 10. Nxa8 b6 11. Ba4 Nb4 12. Qb3 Bb7 13. Qxb4 Bxa8 14.
f3 Qf6 15. Ne2 e4 16. Qd4 Bg7 17. Qxf6+ Bxf6 18. fxe4 Nxe4 19. O-O Ng5 20.
Bb3 Re8 21. Re1 Ne6 22. Kf1 Ng5 23. a4 Ne4 24. d3 Nc5 25. Bf7 Re7 26. Bg8 h5
27. Nf4 Rg7 28. Bd5 Bc6 29. Bxc6 dxc6 30. Ne6+ {Black resigns} 1-0

[Event "GambitGuide"]
[Site "Internet Chess Club"]
[Date "2014.10.30"]
[Round "1"]
[White "JSBach"]
[Black "egyptiantiger"]
[Result "1-0"]
[ICCResult "Black resigns"]
[WhiteElo "1647"]
[BlackElo "1883"]
[Opening "Vienna: `Frankenstein-Dracula' variation"]
[ECO "C27"]
[NIC "VG.02"]
[Time "21:19:48"]
[TimeControl "120+12"]

1. e4 e5 2. Nc3 Nf6 3. Bc4 Nxe4 4. Qh5 Nd6 5. Bb3 Nc6 6. Nb5 g6 7. Qf3 f5 8.
Qd5 Qe7 9. Nxc7+ Kd8 10. Nxa8 b6 11. Ba4 Bb7 12. Nxb6 axb6 13. Qb3 Nd4 14.
Qxb6+ Ke8 15. Kf1 Bxg2+ 16. Kxg2 Qg5+ 17. Kf1 Qh5 18. c3 Qd1+ 19. Bxd1
{Black resigns}
1-0